 Dungeon Crawl Stone Soup version 0.21-a0-85-ga0cb861 (webtiles) character file.

8932 Spazmo the Thaumaturge (level 11, -1/63 HPs)
             Began as a Deep Elf Conjurer on June 25, 2017.
             Was an Elder of Vehumet.
             Slain by a fire dragon (11 damage)
             ... on level 10 of the Dungeon.
             The game lasted 00:40:34 (10749 turns).

Spazmo the Thaumaturge (Deep Elf Conjurer)         Turns: 10749, Time: 00:40:35

Health: -1/63      AC: 10    Str:  5    XL:     11   Next: 16%
Magic:  4/29       EV: 17    Int: 32    God:    Vehumet [****..]
Gold:   582        SH:  0    Dex: 15    Spells: 14/34 levels left

rFire    + + +     SeeInvis .   t - +7 great mace "Firestarter" {inner flame, rF++}
rCold    . . .     Gourm    .   (shield currently unavailable)
rNeg     . . .     Faith    .   y - +1 robe
rPois    +         Spirit   .   n - +2 hat {Int+3}
rElec    .         Reflect  .   r - +2 cloak {MR+}
rCorr    .         Harm     .   H - +1 pair of gloves
MR       ++...                  (no boots)
Stlth    ++........             P - amulet of regeneration
HPRegen  0.60/turn              d - ring of poison resistance
MPRegen  0.21/turn              i - ring of protection from fire

@: brilliant
A: no striking features
a: Renounce Religion


You were on level 10 of the Dungeon.
You worshipped Vehumet.
Vehumet was greatly pleased with you.
You were not hungry.

You visited 2 branches of the dungeon, and saw 11 of its levels.
You also visited: Ossuary.

You collected 582 gold pieces.

Inventory:

Hand Weapons
 t - the +7 great mace "Firestarter" (weapon) {inner flame, rF++}
   (You took it off an orc on level 10 of the Dungeon)

   It has been specially enchanted to burn those struck by it, causing extra
   injury to most foes and up to half again as much damage against particularly
   susceptible opponents.
   It greatly protects you from fire.
 K - a +2 short sword of venom
Missiles
 e - 296 stones (quivered)
Armour
 n - a +2 hat of intelligence (worn)
 p - a +0 buckler
 r - a +2 cloak of magic resistance (worn)
 y - a +1 robe (worn)
 H - a +1 pair of gloves (worn)
Magical Staves
 u - an uncursed staff of energy
Jewellery
 d - a ring of poison resistance (left hand)
 i - a ring of protection from fire (right hand)
 m - an uncursed ring of positive energy
 P - an amulet of regeneration (around neck)
Wands
 g - a wand of flame (28/48)
 x - a wand of confusion (20/48)
 E - a wand of paralysis (13/24)
 I - a wand of confusion (26/48)
 J - a wand of random effects (4/48)
 N - a wand of disintegration (15/24)
Scrolls
 j - 11 scrolls of identify
 k - 3 scrolls of amnesia
 l - 2 scrolls of magic mapping
 v - a scroll of fear
 w - 7 scrolls of remove curse
 B - 2 scrolls of teleportation
 D - 2 scrolls of enchant armour
 G - a scroll of blinking
 O - a scroll of vulnerability {unknown}
Potions
 f - a potion of mutation
 q - 5 potions of berserk rage
 s - a potion of curing
 z - a potion of resistance
 A - a potion of cancellation
 C - a potion of flight
 M - a potion of might
Books
 b - a book of Conjurations

   Spells                             Type                      Level
   a - Magic Dart                     Conjuration                  1
   b - Searing Ray                    Conjuration                  2
   c - Dazzling Spray                 Conjuration/Hexes            3
   d - Fulminant Prism                Conjuration/Hexes            4
   e - Force Lance                    Conjuration/Translocation    4
   f - Iskenderun's Mystic Blast      Conjuration                  4
 L - a book of Frost

   Spells                             Type                      Level
   a - Freeze                         Ice                          1
   b - Throw Frost                    Conjuration/Ice              2
   c - Ozocubu's Armour               Charms/Ice                   3
   d - Throw Icicle                   Conjuration/Ice              4
   e - Summon Ice Beast               Ice/Summoning                4
Comestibles
 c - 7 bread rations
 h - 6 meat rations
 F - 10 royal jellies


   Skills:
 - Level 5.0 Fighting
 - Level 8.0 Dodging
 - Level 2.4 Stealth
 - Level 4.0 Shields
 - Level 12.0 Spellcasting
 - Level 11.1 Conjurations
 + Level 5.8 Fire Magic


You had 14 spell levels left.
You knew the following spells:

 Your Spells              Type           Power        Failure   Level  Hunger
a - Magic Dart            Conj           ####         1%          1    None
b - Searing Ray           Conj           ######       1%          2    None
c - Force Lance           Conj/Tloc      ######..     1%          4    None
d - Iskenderun's Mystic   Conj           #######.     1%          4    None
e - Sticky Flame          Conj/Fire      #######.     1%          4    None
f - Lee's Rapid Deconstr  Erth           #####.....   8%          5    #......


Dungeon Overview and Level Annotations

Branches:
Dungeon (10/15)            Temple (1/1) D:4             Orc (0/2) D:10
   Lair: D:8-11

Altars:
Ashenzari
Cheibriados
Dithmenos
Elyvilon
Fedhas
Gozag
Hepliaklqana
Kikubaaqudgha
Makhleb
Nemelex Xobeh
Okawaru
Qazlal
Ru
Sif Muna
Trog
Uskayaw
Vehumet
Wu Jian
Xom
Yredelemnul
Zin
The Shining One
Beogh

Shops:
D:10 =

Annotations:
D:3 1 runed door
D:7 2 transporters
D:10 2 runed doors


Message History

The fire dragon tramples you.
You hold your ground!
Casting: Searing Ray
Confirm with . or Enter, or press ? or * to list all spells.
Aiming: Searing Ray
Press: ? - help, Shift-Dir - straight line, f/p - fire dragon
Aim: a fire dragon (severely wounded, catching its breath)
The searing ray hits the fire dragon.
The fire dragon is severely wounded. (Press . to maintain the ray.)
The fire dragon bites you. The fire dragon claws you!
The fire dragon tramples you but does no damage.
The searing ray misses the fire dragon.
The fire dragon bites you!
* * * LOW HITPOINT WARNING * * *
The fire dragon claws you.
* * * LOW HITPOINT WARNING * * *
The fire dragon closely misses you.
The searing ray hits the fire dragon.
The fire dragon is almost dead.
The fire dragon bites you!
You die...

.....####+####.........
####...................
###.###............. .#
#...D.........
#####.####.............
.................#######
.############>####.....#
.# #.####.....#
.############..D@#.._..#
.................#.o...#
##...........##### ..).
...######..#######'###
..............#8...8####
.............))).........
...........##)..>..#.###
..######..###(....# # .
#..# ###.###


You could see a fire dragon.

Vanquished Creatures
  Gastronok (D:8)
  A two-headed ogre (D:8)
  Pikel (D:4)
  A hippogriff (D:9)
  A troll (D:9)
  3 yaks (D:10)
  3 fire bats (D:10)
  A hungry ghost (D:9)
  5 orc warriors
  3 ice beasts
  4 ogres
  3 centaurs (D:8)
  A big kobold (D:7)
  7 bullfrogs
  14 scorpions
  A killer bee (D:10)
  5 wights (D:8)
  3 howler monkeys (D:10)
  5 centaur zombies
  3 crimson imps
  A human zombie (Ossuary)
  A quasit (D:5)
  2 hounds (D:5)
  5 jellies
  Crazy Yiuf (D:2)
  5 orc priests
  9 orc wizards
  4 iguanas
  Terence (D:3)
  3 worker ants
  A killer bee zombie (D:9)
  3 mummies
  A worker ant zombie (D:7)
  2 howler monkey zombies
  5 gnolls
  A howler monkey skeleton (D:7)
  11 adders
  2 river rats (D:4)
  7 scorpion zombies (Ossuary)
  3 shadow imps
  7 oozes
  4 worms
  A dart slug (D:4)
  4 leopard geckos
  25 orcs
  5 ball pythons
  6 giant cockroaches
  3 goblins
  8 hobgoblins
  8 jackals
  4 quokkas
  5 bats
  4 frilled lizards
  A gnoll zombie (Ossuary)
  2 goblin zombies (Ossuary)
  5 hobgoblin zombies (Ossuary)
  14 kobolds
  A kobold zombie (Ossuary)
  An orc zombie (Ossuary)
  2 quokka skeletons
  9 rats
  A fungus (D:2)
254 creatures vanquished.

Vanquished Creatures (others)
  A mummy (Ossuary)
  A dart slug (D:4)
2 creatures vanquished.

Grand Total: 256 creatures vanquished

Notes
Turn   | Place    | Note
-------+----------+-------------------------------------------
     0 | D:1      | Spazmo the Deep Elf Conjurer began the quest for the Orb.
     0 | D:1      | Reached XP level 1. HP: 10/10 MP: 6/6
   115 | D:1      | Reached XP level 2. HP: 15/15 MP: 1/8
   119 | D:1      | Learned a level 2 spell: Searing Ray
   792 | D:2      | Reached XP level 3. HP: 20/20 MP: 0/10
   877 | D:2      | Reached skill level 4 in Spellcasting
  1261 | D:2      | Reached skill level 1 in Fighting
  1261 | D:2      | Reached skill level 5 in Conjurations
  1287 | D:2      | Reached XP level 4. HP: 12/25 MP: 0/12
  1557 | D:2      | Found a runed door.
  1561 | D:2      | Noticed Crazy Yiuf
  1565 | D:2      | Killed Crazy Yiuf
  1717 | D:3      | Found a white marble altar of Elyvilon.
  1817 | D:3      | Noticed Terence
  1834 | D:3      | Killed Terence
  1834 | D:3      | Reached skill level 5 in Spellcasting
  1834 | D:3      | Reached XP level 5. HP: 27/29 MP: 1/14
  2128 | D:3      | HP: 1/29 [worm (6)]
  2136 | D:3      | Reached XP level 6. HP: 2/34 MP: 12/16
  2489 | D:3      | Found a white marble altar of Elyvilon.
  2490 | D:3      | Found a runed door.
  2490 | D:3      | Noticed an angel
  2595 | D:3      | Learned a level 4 spell: Force Lance
  2600 | D:3      | Learned a level 4 spell: Iskenderun's Mystic Blast
  2634 | D:4      | Found a staircase to the Ecumenical Temple.
  2660 | Temple   | Entered the Ecumenical Temple
  2697 | Temple   | Became a worshipper of Vehumet
  2775 | D:4      | Reached skill level 6 in Spellcasting
  2793 | D:4      | Found a sand-covered staircase.
  2832 | Ossuary  | Entered an ossuary
  2890 | Ossuary  | Reached skill level 1 in Shields
  3003 | Ossuary  | Reached XP level 7. HP: 40/40 MP: 8/18
  3502 | Ossuary  | Reached skill level 7 in Spellcasting
  3713 | Ossuary  | Reached * piety under Vehumet
  3713 | Ossuary  | Offered knowledge of Shock by Vehumet.
  4000 | Ossuary  | Reached XP level 8. HP: 36/45 MP: 6/21
  4411 | D:4      | Reached skill level 5 in Dodging
  4677 | D:4      | Reached skill level 8 in Spellcasting
  4721 | D:4      | Found a sacrificial altar of Ru.
  4804 | D:4      | Noticed Pikel
  4817 | D:4      | Killed Pikel
  5613 | D:5      | Entered Level 5 of the Dungeon
  5702 | D:5      | Found a shimmering altar of Xom.
  5703 | D:5      | Found a shimmering altar of Xom.
  5703 | D:5      | Found a shimmering altar of Xom.
  5704 | D:5      | Found a shimmering altar of Xom.
  5704 | D:5      | Found a shimmering altar of Xom.
  5707 | D:5      | Found a shimmering altar of Xom.
  5707 | D:5      | Found a shimmering altar of Xom.
  5832 | D:5      | Found a hide-covered altar of Uskayaw.
  5984 | D:5      | Offered knowledge of Sting by Vehumet.
  6006 | D:5      | Reached skill level 9 in Spellcasting
  6038 | D:5      | Reached ** piety under Vehumet
  6124 | D:5      | Found a glowing silver altar of Zin.
  6125 | D:5      | Noticed an angel
  6408 | D:6      | Reached XP level 9. HP: 51/51 MP: 19/24
  6512 | D:6      | Found a glowing golden altar of the Shining One.
  6522 | D:6      | Found a shadowy altar of Dithmenos.
  6696 | D:6      | Found an iron altar of Okawaru.
  6889 | D:6      | Found a basalt altar of Yredelemnul.
  7113 | D:6      | Reached skill level 10 in Spellcasting
  7250 | D:7      | Found a burning altar of Makhleb.
  7255 | D:7      | Found a basalt altar of Yredelemnul.
  7255 | D:7      | Noticed a necromancer
  7258 | D:7      | Found a transporter.
  7273 | D:7      | Found a transporter.
  7365 | D:7      | Found an ornate altar of the Wu Jian Council.
  7454 | D:7      | Found an ancient bone altar of Kikubaaqudgha.
  7458 | D:7      | Found a stormy altar of Qazlal.
  7512 | D:7      | Offered knowledge of Throw Frost by Vehumet.
  7652 | D:7      | Found an iron altar of Okawaru.
  8034 | D:8      | Found a shattered altar of Ashenzari.
  8173 | D:8      | Noticed a two-headed ogre
  8189 | D:8      | Killed a two-headed ogre
  8189 | D:8      | Reached XP level 10. HP: 58/58 MP: 13/26
  8227 | D:8      | Noticed Gastronok
  8254 | D:8      | Killed Gastronok
  8254 | D:8      | Reached skill level 11 in Spellcasting
  8254 | D:8      | Reached skill level 10 in Conjurations
  8440 | D:8      | Reached *** piety under Vehumet
  8558 | D:8      | Reached skill level 5 in Fighting
  8738 | D:8      | Offered knowledge of Sticky Flame by Vehumet.
  8744 | D:8      | Learned a level 4 spell: Sticky Flame
  8838 | D:9      | Reached skill level 12 in Spellcasting
  9006 | D:9      | Reached skill level 1 in Fire Magic
 10002 | D:10     | Entered Level 10 of the Dungeon
 10037 | D:10     | Found Naseus's Jewellery Boutique.
 10174 | D:10     | Noticed a fire dragon
 10240 | D:10     | Reached XP level 11. HP: 54/63 MP: 19/29
 10437 | D:10     | Reached **** piety under Vehumet
 10476 | D:10     | Offered knowledge of Lee's Rapid Deconstruction by Vehumet.
 10476 | D:10     | Reached skill level 5 in Fire Magic
 10483 | D:10     | Learned a level 5 spell: Lee's Rapid Deconstruction
 10509 | D:10     | Noticed a fire dragon
 10510 | D:10     | Noticed an ice dragon
 10510 | D:10     | Found a runed door.
 10510 | D:10     | Found a runed door.
 10510 | D:10     | Noticed a fire dragon
 10512 | D:10     | Noticed an ice dragon
 10554 | D:10     | Found a staircase to the Orcish Mines.
 10586 | D:10     | Found a roughly hewn altar of Beogh.
 10749 | D:10     | Slain by a fire dragon

Vault maps used:
D:1:      dpeg_arrival_solitude
D:2:      uniq_crazy_yiuf_cottage
D:3:      nicolae_overflow_crystal_walls, first_bread, minmay_misc_feat_tiny,
          lemuel_angel_altar, uniq_terence
D:4:      lemuel_coloured_pillars_altar, temple_pool_b, portal_sewer_entry_b,
          gup_ossuary_entry_pyramid, minmay_misc_feat_ornament, uniq_pikel
D:5:      zin_angel, old_standard_altar, nicolae_xom_altar_mimics
D:6:      kennysheep_mini, amethyst_overflow_temple_binary, basic_altar,
          minmay_checkerbox
D:7:      minitemple, gammafunk_temple_overflow_arena, lemuel_round_altar,
          okawaru_metal_pillars_1_2
D:8:      evilmike_ruin_ashenzari, mrwooster_statue_mirror,
          hangedman_little_slice_of_home, uniq_gastronok
D:10:     minmay_firetagon, minmay_orc_entry_temple_small, serial_shops,
          nicolae_shop_waterfront, shop, statue_in_the_mist_lemuel,
          minmay_guarded_unrand_resistance
Temple:   jpeg_temple_island
Ossuary:  ossuary_minmay_scorpions

Skill      XL: |  1  2  3  4  5  6  7  8  9 10 11 |
---------------+----------------------------------+-----
Spellcasting   | 4 5 6 7 9 10 12 | 12.0
Fighting       | 1 2 3 4 5 |  5.0
Conjurations   | 5 6 7 8 9 11 | 11.1
Dodging        | 3 4 5 7 8 |  8.0
Shields        | 1 2 4 |  4.0
Fire Magic     | 3 5 |  5.8
Stealth        | |  2.4

Action                   |  1- 3 |  4- 6 |  7- 9 | 10-12 || total
-------------------------+-------+-------+-------+-------++-------
Melee: Dagger            |     1 |    13 |     7 |       ||    21
       Quarterstaff      |       |     3 |       |       ||     3
       Short sword       |       |       |       |    10 ||    10
 Cast: Magic Dart        |    64 |    89 |   165 |    85 ||   403
       Searing Ray       |     2 |    13 |    67 |    43 ||   125
       Force Lance       |       |       |     2 |     5 ||     7
       Iskenderun's Myst |       |       |       |    12 ||    12
       Sticky Flame      |       |       |       |     4 ||     4
  Use: Scroll            |     2 |     6 |    14 |     1 ||    23
       Potion            |       |     2 |     3 |     6 ||    11
  Eat: Chunk             |       |     6 |    11 |     5 ||    22
       Meat ration       |       |       |     1 |       ||     1
       Royal jelly       |       |       |       |     1 ||     1
       Fruit             |       |       |       |     1 ||     1
Armor: Robe              |       |     6 |    19 |    17 ||    42
       Skin              |       |       |       |    34 ||    34
Dodge: Dodged            |     3 |    11 |    74 |    63 ||   151
Block: Buckler           |       |     3 |    15 |    26 ||    44
